 Dungeon Crawl Stone Soup version 0.19.4 (webtiles) character file.

138 savsav123 the Slasher (level 5, -3/42 HPs)
             Began as a Human Berserker on Feb 1, 2017.
             Was a Believer of Trog.
             Slain by a sky beast (5 damage)
             ... on level 2 of the Dungeon.
             The game lasted 00:44:00 (4055 turns).

savsav123 the Slasher (Human Berserker)             Turns: 4055, Time: 00:44:01

Health: -3/42      AC: 12    Str: 19    XL:     5   Next: 45%
Magic:  5/5        EV:  6    Int:  7    God:    Trog [**....]
Gold:   120        SH:  0    Dex: 12    Spells: 0 memorised, 4 levels left

rFire  . . .     SeeInvis .     a - +0 falchion
rCold  . . .     Gourm    .     h - +0 plate armour
rNeg   . . .     Faith    .     (no shield)
rPois  .         Spirit   .     j - +0 helmet
rElec  .         Reflect  .     (no cloak)
rCorr  .         Harm     .     (no gloves)
MR     .....                    (no boots)
Stlth  ..........               (no amulet)
                                (no ring)
                                (no ring)

@: no status effects
A: no striking features
a: Berserk, Trog's Hand, Burn Spellbooks, Renounce Religion


You were on level 2 of the Dungeon.
You worshipped Trog.
Trog was pleased with you.
You were hungry.

You visited 1 branch of the dungeon, and saw 3 of its levels.

You collected 120 gold pieces.

Inventory:

Hand Weapons
 a - a +0 falchion (weapon)
 i - a +0 dagger
Armour
 d - a +0 leather armour {iii}
 f - a +0 leather armour
 h - a +0 plate armour (worn)
 j - a +0 helmet (worn)
Scrolls
 b - a scroll of enchant armour {unknown}
 e - a scroll of identify {unknown}
 g - a scroll of recharging {unknown}
 m - a scroll of teleportation {unknown}
Potions
 l - a potion of curing {unknown}
 n - a potion of haste {unknown}
Comestibles
 c - a bread ration
 k - a chunk of flesh


   Skills:
 + Level 4.0 Fighting
 + Level 4.4 Long Blades
 + Level 2.8 Armour
 - Level 2.2 Dodging
 + Level 0.2 Stealth


You had 4 spell levels left.
You didn't know any spells.

Dungeon Overview and Level Annotations

Branches:
Dungeon (3/15)

Altars:


Message History

* * * LOW HITPOINT WARNING * * *
You miss the sky beast.
The sky beast is heavily wounded.
The sky beast closely misses you.
You riposte.
You miss the sky beast.
The sky beast is heavily wounded.
You hit the sky beast.
The sky beast is severely wounded.
The sky beast hits you but does no damage.
You slash the sky beast!
The sky beast is almost dead.
The sky beast hits you but does no damage.
You barely miss the sky beast.
The sky beast is almost dead.
The sky beast hits you but does no damage.
You miss the sky beast.
The sky beast is almost dead.
The sky beast hits you.
* * * LOW HITPOINT WARNING * * *
The sky beast shocks you.
You die...

#.#
#(###.##########..####.##
#.# #.#
#.....).............. #.#
#.###.##..........####...
#.# ##...###.########.#
#### #.# ##.## #.#
#.####### #.# #.# #.#
#........ #.# #.# #.#
######### #.# #.# #Y# #.#
#.####@## #.# #.......#
#.# ######..# #### #.#
#...# #... #.# #..## #.##
#.# #..# #.# #.# #..# #.#
#.# #..# #.# #.#
#..#############.#


You could see a sky beast.

Vanquished Creatures
  A gnoll (D:2)
  5 adders
  4 worms
  2 dart slugs
  3 leopard geckos
  2 ball pythons (D:1)
  7 bats
  2 giant cockroaches (D:1)
  5 goblins
  7 hobgoblins
  8 jackals
  3 quokkas (D:2)
  5 frilled lizards
  6 kobolds
  5 rats
65 creatures vanquished.

Notes
Turn   | Place    | Note
-------+----------+-------------------------------------------
     0 | D:1      | savsav123 the Human Berserker began the quest for the Orb.
     0 | D:1      | Reached XP level 1. HP: 18/18 MP: 1/1
   630 | D:1      | Reached XP level 2. HP: 23/24 MP: 2/2
  1292 | D:1      | Reached XP level 3. HP: 17/29 MP: 3/3
  1319 | D:1      | HP: 1/29 [poisoned by an adder]
  1887 | D:1      | Reached XP level 4. HP: 33/36 MP: 4/4
  2660 | D:2      | Reached ** piety under Trog
  3226 | D:2      | Reached XP level 5. HP: 30/42 MP: 5/5
  4008 | D:3      | Noticed a sky beast
  4055 | D:2      | HP: 2/42 [sky beast (3)]
  4055 | D:2      | Slain by a sky beast

Skill      XL: |  1  2  3  4  5 |
---------------+----------------+-----
Long Blades    | 4 |  4.4
Fighting       | 4 |  4.0
Armour         | |  2.8
Dodging        | |  2.2
Stealth        | |  0.2

Action                   |  1- 3 |  4- 6 || total
-------------------------+-------+-------++-------
Melee: Falchion          |    82 |   159 ||   241
Invok: Berserk           |     1 |       ||     1
  Eat: Chunk             |     3 |     5 ||     8
       Fruit             |       |     3 ||     3
Armor: Leather armour    |    32 |     6 ||    38
       Animal skin       |     2 |       ||     2
       Plate armour      |       |   125 ||   125
Dodge: Dodged            |    85 |    73 ||   158
       Rpst.: Falchion   |    27 |    28 ||    55
